 Dungeon Crawl Stone Soup version 0.22-a0-348-gd16d139 (webtiles) character file.

11927 Amnesiac the Nimble (level 11, -5/56 HPs)
             Began as a Spriggan Assassin on Apr 9, 2018.
             Was a High Priest of Okawaru.
             Slain by a skeletal warrior
             ... wielding a +0 glaive
              (26 damage)
             ... on level 10 of the Dungeon.
             The game lasted 00:39:34 (14113 turns).

Amnesiac the Nimble (Spriggan Assassin)            Turns: 14113, Time: 00:39:35

Health: -5/56      AC:  6    Str: 12    XL:     11   Next: 55%
Magic:  18/18      EV: 27    Int: 10    God:    Okawaru [*****.]
Gold:   322        SH:  8    Dex: 21    Spells: 10/10 levels left

rFire    + . .     SeeInvis +   a - +0 dagger (elec)
rCold    + . .     Gourm    .   N - +0 buckler
rNeg     . . .     Faith    +   K - +1 robe {rC+ rF+}
rPois    .         Spirit   .   (helmet restricted)
rElec    .         Reflect  .   I - +2 cloak {+Inv}
rCorr    .         Harm     .   (gloves unavailable)
MR       +....                  (boots unavailable)
Stlth    ++++......             r - amulet of faith
HPRegen  0.18/turn              M - -3 ring of intelligence (curse)
MPRegen  0.16/turn              S - +5 ring of strength

@: very quick
A: very small, unfitting armour, see invisible, herbivore, speed 3, slow
metabolism 2
a: Heroism, Finesse, Renounce Religion, Evoke Invisibility


You were on level 10 of the Dungeon.
You worshipped Okawaru.
Okawaru was extremely pleased with you.
You were not hungry.

You visited 2 branches of the dungeon, and saw 12 of its levels.

You collected 647 gold pieces.
You spent 325 gold pieces at shops.

Inventory:

Hand Weapons
 a - a +0 dagger of electrocution (weapon)
 b - a +3 blowgun
 q - a +1 dagger of venom
 w - a +0 hunting sling
 R - a +4 quick blade
Missiles
 e - 22 poisoned needles
 l - 5 needles of frenzy
 o - 4 steel tomahawks (quivered)
 s - a silver tomahawk
 v - 149 sling bullets
 y - 258 stones
 H - 8 tomahawks
Armour
 I - a +2 cloak of invisibility (worn)
 K - a +1 robe of resistance (worn)
 N - a +0 buckler (worn)
Jewellery
 c - an uncursed ring of protection from cold
 m - a +5 ring of protection
 n - an uncursed ring of magical power
 p - an uncursed ring of wizardry
 r - an amulet of faith (around neck)
 E - an uncursed ring of fire
 M - a cursed -3 ring of intelligence (left hand)
 P - an uncursed ring of ice
 S - a +5 ring of strength (right hand)
Wands
 k - a wand of flame (12)
 F - a wand of iceblast (9)
 O - a wand of paralysis (16)
Scrolls
 t - 5 scrolls of fear {!r}
 x - 3 scrolls of magic mapping {!r}
 D - 2 scrolls of teleportation {!r}
 L - 2 scrolls of identify {!r}
Potions
 d - a potion of haste {!q}
 h - a potion of might {!q}
 i - a potion of flight {!q}
 j - 6 potions of agility {!q}
 z - 2 potions of brilliance {!q}
 A - 3 potions of curing {!q}
 B - a potion of heal wounds {!q}
 C - 2 potions of lignification {!q}
 G - a potion of cancellation {!q}
 J - 2 potions of ambrosia {!q}
Comestibles
 g - 17 rations


   Skills:
 - Level 6.1 Fighting
 - Level 8.0 Short Blades
 - Level 10.1 Throwing
 - Level 10.1 Dodging
 - Level 8.0 Stealth
 + Level 4.7 Shields
 - Level 9.0 Evocations


You had 10 spell levels left.
You didn't know any spells.

Dungeon Overview and Level Annotations

Branches:
Dungeon (11/15)            Temple (1/1) D:6            Lair (0/6) D:9
    Orc (0/2) D:9

Altars:
Ashenzari
Cheibriados
Dithmenos
Elyvilon
Fedhas
Gozag
Hepliaklqana
Kikubaaqudgha
Makhleb
Nemelex Xobeh
Okawaru
Qazlal
Ru
Sif Muna
Trog
Uskayaw
Vehumet
Wu Jian
Xom
Yredelemnul
Zin
The Shining One

Shops:
D:6 (   D:7 [*[   D:9 =   D:10 (   D:11 }

Annotations:
D:11 Urug


Innate Abilities, Weirdness & Mutations

You are very small and have problems with some larger weapons.
You are too small for most types of armour.
You have supernaturally acute eyesight. (SInv)
You are a herbivore.
You cover ground extremely quickly.
You need to consume almost no food.


Message History

You throw a silver tomahawk.
The silver tomahawk hits the skeletal warrior but does no damage.
The skeletal warrior is almost destroyed.
The skeletal warrior completely misses you.
Unknown command.
You see here a steel tomahawk.
You hit the skeletal warrior but do no damage.
The skeletal warrior is almost destroyed.
You closely miss the skeletal warrior.
The skeletal warrior is almost destroyed.
The skeletal warrior closely misses you.
You completely miss the skeletal warrior.
The skeletal warrior is almost destroyed.
You hit the skeletal warrior but do no damage.
The skeletal warrior is almost destroyed.
The skeletal warrior hits you with a glaive.
You hit the skeletal warrior but do no damage.
The skeletal warrior is almost destroyed.
You hit the skeletal warrior but do no damage.
The skeletal warrior is almost destroyed.
The skeletal warrior closely misses you.
You hit the skeletal warrior but do no damage.
The skeletal warrior is almost destroyed.
You hit the skeletal warrior but do no damage.
The skeletal warrior is almost destroyed.
The skeletal warrior hits you with a glaive!!
* * * LOW HITPOINT WARNING * * *
You see here a steel tomahawk.
You see here an uncursed amulet of harm.
You see here 2 steel tomahawks.
o - 2 steel tomahawks Throwing (i - inventory. (/) - cycle)
o - 2 steel tomahawks (quivered)
Press: ? - help, Shift-Dir - straight line, f/p - skeletal warrior
Aim: a skeletal warrior, wielding a glaive (almost destroyed)
You throw a steel tomahawk.
The steel tomahawk closely misses the skeletal warrior.
Unknown command.
You see here a steel tomahawk.
o - 2 steel tomahawks (gained 1) Throwing (i - inventory. (/) - cycle)
o - 2 steel tomahawks (quivered)
Press: ? - help, Shift-Dir - straight line, f/p - skeletal warrior
Aim: a skeletal warrior, wielding a glaive (almost destroyed)
You throw a steel tomahawk.
The steel tomahawk barely misses the skeletal warrior.
Throwing (i - inventory. (/) - cycle)
o - a steel tomahawk (quivered)
Press: ? - help, Shift-Dir - straight line, f/p - skeletal warrior
Aim: a skeletal warrior, wielding a glaive (almost destroyed)
You throw a steel tomahawk.
The steel tomahawk hits the skeletal warrior.
The skeletal warrior is almost destroyed.
Throwing (i - inventory. (/) - cycle)
y - 259 stones (quivered)
Press: ? - help, Shift-Dir - straight line, f/p - skeletal warrior
Aim: a skeletal warrior, wielding a glaive (almost destroyed)
You throw a stone.
The stone hits the skeletal warrior but does no damage.
The skeletal warrior is almost destroyed.
Unknown command.
You see here 2 steel tomahawks.
o - 2 steel tomahawks
s - a silver tomahawk;
o - 3 steel tomahawks (gained 1)
You see here a steel tomahawk.
o - 4 steel tomahawks (gained 1)
The skeletal warrior hits you from afar with a glaive!!
You die...

#.....# #.#####.###......######
.##.### #.##.....#######.# #
.##[# #....##### #.###### .##.#
###### #....... .##.# ########
.##.# ############### ### ###.#
#..z.((......<# #.. #.#
#####z###########.# #.. #.#
#...)#.@.(.((((z.(# #.. #.#
#.###.###########.# ### #.# #.#
#.# ##.## # #.# #)###)# ##...##
# #.# #..##.# ##.#.#.#### #.#
##.##.########.##..#.#.. #.####
#.##..>z...........##.#
##....####.#############.......#
#....#.<...##############..###.#


You could see a skeletal warrior.

Vanquished Creatures
  A hydra (D:10)
  A two-headed ogre (D:10)
  The ghost of Thaneod the Skirmisher, a novice TrBe of Trog (D:6)
  A skeletal warrior (D:10)
  An unseen horror (D:11)
  An ugly thing (D:11)
  The ghost of xccam the Carver, a novice GnWn (D:4)
  A merfolk (D:9)
  2 hornets
  The ghost of TheNamelessOne the Skirmisher, an amateur DsCK of Xom (D:3)
  A blink frog (shapeshifter) (D:10)
  Prince Ribbit (D:6)
  3 hippogriffs
  A wyvern (D:9)
  A basilisk (D:9)
  6 yaks
  Sigmund (D:3)
  A hungry ghost (D:8)
  Menkaure (D:7)
  3 porcupines
  A water moccasin (D:8)
  6 orc warriors
  5 ice beasts
  An eye of draining (D:9)
  7 ogres
  A sky beast (D:7)
  A centaur (D:6)
  4 crocodiles
  3 big kobolds
  4 bullfrogs
  A scorpion (D:7)
  8 wights
  2 howler monkeys
  2 crimson imps
  A bullfrog zombie (D:7)
  4 hounds
  A jelly (D:6)
  5 orc priests
  A gnoll shaman (D:9)
  Crazy Yiuf (D:6)
  6 orc wizards
  A bullfrog skeleton (D:6)
  3 iguanas
  Ijyb (D:5)
  A centaur skeleton (D:9)
  9 worker ants
  A howler monkey zombie (D:6)
  2 worker ant zombies
  9 gnolls
  11 adders
  2 shadow imps
  An adder zombie (D:7)
  An ooze (D:2)
  2 adder skeletons
  A worm (D:2)
  3 dart slugs
  8 leopard geckos
  25 orcs
  4 giant cockroaches
  6 goblins
  11 hobgoblins
  6 jackals
  5 quokkas
  13 bats
  7 frilled lizards
  A giant cockroach zombie (D:6)
  A jackal skeleton (D:9)
  13 kobolds
  A leopard gecko skeleton (D:4)
  A leopard gecko zombie (D:7)
  A quokka zombie (D:6)
  9 rats
255 creatures vanquished.

Vanquished Creatures (collateral kills)
  A manticore (D:11)
  A centaur (D:6)
  A bullfrog (D:11)
  An orc (D:11)
4 creatures vanquished.

Vanquished Creatures (others)
  An orc warrior (D:11)
  An ogre (D:6)
  A bush (D:9)
  5 fungi (D:9)
  12 plants (D:9)
20 creatures vanquished.

Grand Total: 279 creatures vanquished

Notes
Turn   | Place    | Note
-------+----------+-------------------------------------------
     0 | D:1      | Amnesiac the Spriggan Assassin began the quest for the Orb.
     0 | D:1      | Reached XP level 1. HP: 10/10 MP: 2/2
   120 | D:1      | Reached XP level 2. HP: 11/15 MP: 3/3
   900 | D:1      | Reached XP level 3. HP: 18/18 MP: 4/4
  1173 | D:2      | Reached XP level 4. HP: 19/23 MP: 5/5
  1912 | D:3      | Noticed Sigmund
  1980 | D:4      | Found a blossoming altar of Fedhas.
  1989 | D:4      | Found a shimmering altar of Xom.
  2017 | D:4      | Reached XP level 5. HP: 26/27 MP: 6/6
  2143 | D:4      | Noticed xccam's ghost (novice GnWn)
  2529 | D:3      | Killed Sigmund
  2529 | D:3      | Reached XP level 6. HP: 25/32 MP: 7/7
  2598 | D:3      | Noticed TheNamelessOne's ghost (amateur DsCK)
  2920 | D:3      | Found a burning altar of Makhleb.
  2920 | D:3      | Noticed a green death
  2939 | D:3      | You fall through a shaft for 3 floors!
  2954 | D:6      | Found Kubress's Weapon Emporium.
  2964 | D:6      | Bought a +0 hunting sling for 21 gold pieces
  3040 | D:5      | Entered Level 5 of the Dungeon
  3065 | D:5      | Reached skill level 5 in Throwing
  3098 | D:5      | Reached skill level 5 in Dodging
  3138 | D:5      | Noticed Ijyb
  3183 | D:5      | Killed Ijyb
  3653 | D:4      | Reached XP level 7. HP: 36/36 MP: 8/8
  4402 | D:3      | Killed TheNamelessOne's ghost
  4814 | D:4      | Killed xccam's ghost
  4814 | D:4      | Reached XP level 8. HP: 15/42 MP: 9/9
  5550 | D:6      | Found a glowing golden altar of the Shining One.
  5570 | D:6      | Noticed Prince Ribbit
  6378 | D:6      | Found a staircase to the Ecumenical Temple.
  6392 | Temple   | Entered the Ecumenical Temple
  6643 | Temple   | Became a worshipper of Warmaster Okawaru
  6708 | D:6      | Killed Prince Ribbit
  6708 | D:6      | Reached * piety under Okawaru
  6719 | D:6      | Noticed Thaneod's ghost (novice TrBe)
  7031 | D:6      | Killed Thaneod's ghost
  7031 | D:6      | Reached skill level 5 in Short Blades
  7031 | D:6      | Reached XP level 9. HP: 29/46 MP: 10/10
  7479 | D:6      | Found a runed door.
  7743 | D:6      | Noticed Crazy Yiuf
  7747 | D:6      | Killed Crazy Yiuf
  8017 | D:6      | Reached ** piety under Okawaru
  8143 | D:7      | Noticed Menkaure
  8151 | D:7      | Killed Menkaure
  8166 | D:7      | Found a sparkling altar of Nemelex Xobeh.
  8168 | D:7      | Found a stormy altar of Qazlal.
  8186 | D:7      | Reached skill level 5 in Evocations
  8191 | D:7      | Found a radiant altar of Vehumet.
  8589 | D:7      | Found Fajarr's Assorted Antiques.
  8604 | D:7      | Found Diyshaz's Antique Armour Shop.
  8654 | D:7      | Found a shattered altar of Ashenzari.
  8890 | D:7      | Found Ciha's Armour Shop.
  8894 | D:7      | Bought a +0 robe of resistance for 304 gold pieces
  9253 | D:8      | Reached *** piety under Okawaru
  9253 | D:8      | Reached XP level 10. HP: 51/51 MP: 14/17
 10061 | D:9      | Found a staircase to the Orcish Mines.
 10376 | D:9      | Found Ecwirano's Jewellery Boutique.
 10413 | D:9      | Found a sparkling altar of Nemelex Xobeh.
 10990 | D:9      | Received a gift from Okawaru
 11044 | D:9      | Reached skill level 5 in Fighting
 11134 | D:9      | Reached **** piety under Okawaru
 11325 | D:9      | Found a staircase to the Lair.
 11919 | D:10     | Entered Level 10 of the Dungeon
 11938 | D:10     | Noticed a two-headed ogre
 12002 | D:10     | Killed a two-headed ogre
 12002 | D:10     | Reached XP level 11. HP: 52/56 MP: 18/18
 12197 | D:10     | Reached ***** piety under Okawaru
 12369 | D:10     | Found Qystryuma's Antique Weapon Emporium.
 12695 | D:10     | Noticed a four-headed hydra
 12774 | D:10     | Noticed an unseen horror
 12777 | D:10     | an unseen horror changed into a shapeshifter
 12800 | D:10     | Killed a four-headed hydra
 12800 | D:10     | Received a gift from Okawaru
 12800 | D:10     | Reached skill level 10 in Throwing
 12800 | D:10     | Reached skill level 10 in Dodging
 12800 | D:10     | Reached skill level 1 in Shields
 13026 | D:11     | Noticed an unseen horror
 13028 | D:11     | Killed an unseen horror
 13306 | D:11     | Found Cufavuos's Gadget Shoppe.
 13306 | D:11     | Noticed a white ugly thing
 13313 | D:11     | Killed a white ugly thing
 13419 | D:11     | Noticed a skeletal warrior
 13419 | D:11     | Noticed a skeletal warrior
 13419 | D:11     | Noticed a skeletal warrior
 13421 | D:11     | Noticed a skeletal warrior
 13517 | D:10     | Killed a skeletal warrior
 13718 | D:11     | Noticed Urug
 13765 | D:11     | Noticed a skeletal warrior
 14113 | D:10     | Slain by a skeletal warrior

Vault maps used:
D:1:      lightli_arrival_noodles, kennysheep_pointless_box, minivault_27,
          minmay_domino_4
D:2:      minmay_liquid_box, minmay_door_square
D:3:      makhleb_altar_promises_db, uniq_sigmund
D:4:      minmay_diamond_boxcup, amethyst_overflow_temple_binary
D:5:      first_ration, minivault_19, uniq_ijyb
D:6:      tso_metal_star, minmay_temple_entry_hall, serial_shops,
          shop_fountains, uniq_prince_ribbit1, uniq_crazy_yiuf_cottage
D:7:      nicolae_overflow_quartered_altars, serial_shops, kennysheep_mini_moat,
          shop, nicolae_shop_trees, uniq_menkaure
D:9:      minmay_lair_entry_grove, david_orc_3, serial_shops, shop,
          hangedman_fish_farm, nemelex_spade_bored_becter
D:10:     minmay_cornered_nines, serial_shops, shop
D:11:     basic_altar, serial_shops, shop, grunt_decor_mini_mirrors,
          kennysheep_cluttered_room, hangedman_abyss_or_decor_jellyfish_corner,
          uniq_urug
Temple:   minmay_temple_curvy_branch

Skill      XL: |  1  2  3  4  5  6  7  8  9 10 11 |
---------------+----------------------------------+-----
Dodging        | 2 3 4 5 6 8 9 10 | 10.1
Fighting       | 2 3 4 5 6 |  6.1
Throwing       | 3 4 5 6 8 9 10 | 10.1
Stealth        | 6 8 |  8.0
Short Blades   | 5 6 8 |  8.0
Evocations     | 8 9 |  9.0
Shields        | 4 |  4.7

Action                   |  1- 3 |  4- 6 |  7- 9 | 10-12 || total
-------------------------+-------+-------+-------+-------++-------
Melee: Dagger            |   114 |   252 |   331 |   446 ||  1143
       Quick blade       |       |       |       |    15 ||    15
 Fire: Blowgun           |    12 |    15 |    26 |    84 ||   137
       Hunting sling     |       |       |    51 |       ||    51
Throw: Tomahawk          |       |       |    22 |    29 ||    51
       Throwing net      |       |       |       |     2 ||     2
       Stone             |       |       |       |     1 ||     1
 Abil: Evoke Invisibilit |       |       |     2 |       ||     2
Evoke: Wand              |       |       |       |     8 ||     8
  Use: Scroll            |       |    11 |     1 |    13 ||    25
       Potion            |       |     2 |       |     1 ||     3
 Stab: Sleeping          |    10 |     8 |    16 |    13 ||    47
       Distracted        |       |       |     2 |       ||     2
       Invisible         |       |       |     2 |       ||     2
  Eat: Ration            |       |     1 |     3 |     3 ||     7
Armor: Robe              |    15 |    26 |    33 |    24 ||    98
       Skin              |       |    43 |       |       ||    43
Dodge: Dodged            |    95 |   189 |   230 |   262 ||   776
Block: Buckler           |       |       |       |    37 ||    37

Table legend:
 A = Spawn XP
 B = Non-spawn XP
 C = Spawn XP percentage of total XP
 D = Spawn monster count
 E = Non-spawn monster count
 F = Spawn count percentage of total count
 G = Total turns spent on level
                    A         B        C        D         E        F      G
               +---------+---------+-------+---------+---------+-------+---------
         Total |       0 |   17039 |   0.0 |       0 |     259 |   0.0 | 14113
               +---------+---------+-------+---------+---------+-------+---------
           D:1 |       0 |      41 |   0.0 |       0 |      25 |   0.0 |  1094
           D:2 |       0 |      94 |   0.0 |       0 |      22 |   0.0 |  1135
           D:3 |       0 |     588 |   0.0 |       0 |      26 |   0.0 |  1166
           D:4 |       0 |     678 |   0.0 |       0 |      19 |   0.0 |  1358
           D:5 |       0 |     159 |   0.0 |       0 |      11 |   0.0 |   941
           D:6 |       0 |    2466 |   0.0 |       0 |      28 |   0.0 |  2040
           D:7 |       0 |    1062 |   0.0 |       0 |      21 |   0.0 |   992
           D:8 |       0 |    1798 |   0.0 |       0 |      26 |   0.0 |  1542
           D:9 |       0 |    3180 |   0.0 |       0 |      43 |   0.0 |  1374
          D:10 |       0 |    3925 |   0.0 |       0 |      11 |   0.0 |  1694
          D:11 |       0 |    3048 |   0.0 |       0 |      27 |   0.0 |   500
               +---------+---------+-------+---------+---------+-------+---------
